 Dungeon Crawl Stone Soup version 0.26.0-10-g1f06aea511 (webtiles) character file.

Game seed: 5541821123869645224

1495 MisterFreud the Conjurer (level 8, -6/53 (60) HPs)
             Began as a Demonspawn Conjurer on Jan 31, 2021.
             Was an Initiate of Sif Muna.
             Mangled by a wight
             ... wielding a +3 spear
              (12 damage)
             ... on level 6 of the Dungeon.
             The game lasted 00:10:27 (6944 turns).

MisterFreud the Conjurer (Demonspawn Conjurer)      Turns: 6944, Time: 00:10:27

HP:   -6/53 (60)    AC:  9    Str: 14    XL:     8   Next: 51%
MP:   0/14          EV: 14    Int: 22    God:    Sif Muna [......]
Gold: 20            SH:  0    Dex: 11    Spells: 10/15 levels left

rFire    . . .     SeeInvis .   v - +0 rapier (curse)
rCold    . . .     Faith    .   (no shield)
rNeg     . . .     Spirit   .   a - +0 robe
rPois    .         Reflect  .   (helmet restricted)
rElec    .         Harm     +   j - scarf {harm}
rCorr    .         Rampage  .   y - +0 pair of gloves
Will     .....                  (no boots)
Stlth    ++........             (no amulet)
HPRegen  0.17/turn              C - +6 ring of strength
MPRegen  0.14/turn              (no ring)

@: sanguine armour, heavily drained
A: horns 2, demonic guardian 1, sanguine armour 1
a: Renounce Religion


You were on level 6 of the Dungeon.
You worshipped Sif Muna.
Sif Muna was noncommittal.
You visited 1 branch of the dungeon, and saw 8 of its levels.

You collected 196 gold pieces.
You spent 176 gold pieces at shops.

Inventory:

Hand Weapons
 b - a +0 dagger
 v - a cursed +0 rapier (weapon)
 E - a +2 war axe of distortion
Missiles
 g - 23 poisoned darts
 x - 7 boomerangs
 A - 7 atropa-tipped darts
Armour
 a - a +0 robe (worn)
 j - a scarf of harm (worn)
 y - a +0 pair of gloves (worn)
Jewellery
 C - a +6 ring of strength (left hand)
Wands
 r - a wand of digging (10)
 s - a wand of acid (8)
 z - a wand of iceblast (7)
 D - a wand of flame (8)
Scrolls
 c - 3 scrolls of immolation {unknown}
 d - 2 scrolls of fog {unknown}
 f - a scroll of random uselessness {unknown}
 h - 2 scrolls of enchant armour {unknown}
 k - a scroll of noise {unknown}
 l - 5 scrolls of identify {unknown}
 n - 3 scrolls of remove curse {unknown}
 p - 3 scrolls of amnesia {unknown}
 t - 2 scrolls of teleportation {unknown}
Potions
 e - 3 potions of curing
 i - 2 potions of mutation {unknown}
 m - a potion of resistance {unknown}
 o - a potion of haste {unknown}
 q - 3 potions of heal wounds
 u - 3 potions of magic
 w - a potion of ambrosia {unknown}
 B - a potion of berserk rage {unknown}


   Skills:
 - Level 4.0 Fighting
 + Level 5.5 Dodging
 - Level 1.7 Stealth
 - Level 4.0 Spellcasting
 - Level 6.0 Conjurations
 + Level 2.7 Hexes
 - Level 4.0 Evocations


You had 10 spell levels left.
You knew the following spells:

 Your Spells              Type           Power        Failure   Level
a - Magic Dart            Conj           100%         1%          1
b - Fulminant Prism       Conj/Hex       11%          19%         4

Your spell library contained the following spells:

 Spells                   Type           Power        Failure   Level
 Searing Ray              Conj           60%          1%          2
 Dazzling Flash           Conj/Hex       46%          5%          3
 Iskenderun's Mystic Bla  Conj/Tloc      17%          32%         4


Dungeon Overview and Level Annotations

Branches:
Dungeon (8/15)
 Temple: D:4-7         Lair: D:8-11

Altars:
Kikubaaqudgha
Makhleb
Nemelex Xobeh
Qazlal
Sif Muna
Vehumet

Shops:
D:5 !   D:6 *(


Innate Abilities, Weirdness & Mutations

You have a pair of horns on your head.
A weak demonic guardian rushes to your aid.
When seriously injured, your bleeding wounds create armour. (AC +6)


Message History

Confirm with . or Enter, or press ? or * to list all spells.
Aiming: Magic Dart (safe; 1% risk of failure)
Press: ? - help, Shift-Dir - straight line, f/p - wight
Aim: a wight, wielding a +3 spear and wearing a +0 robe (severely damaged, 0% to evade)
The magic dart hits the wight but does no damage.
The wight is severely damaged.
The wight hits you but does no damage.
Unknown command.
Casting: Magic Dart (safe; 1% risk of failure)
Confirm with . or Enter, or press ? or * to list all spells.
Aiming: Magic Dart (safe; 1% risk of failure)
Press: ? - help, Shift-Dir - straight line, f/p - wight
Aim: a wight, wielding a +3 spear and wearing a +0 robe (severely damaged, 0% to evade)
The magic dart hits the wight.
The wight is almost destroyed.
The wight barely misses you.
You hit the wight but do no damage. Your headbutt misses the wight.
The wight is almost destroyed.
The wight hits you with a +3 spear!
You die...

## .# # ##.## +.#
##...## . #...
##.....##.# ....
###.......#.#
####..####....._.....#
......)z@..#.......#
.###..#######.....####
#... ##...###.#### #.#
##.##....... #
#(.###.#### ##..#.##
#.#.## #.### #.#


You could see a wight.

Vanquished Creatures
  An ice beast (D:5)
  A black bear (D:8)
  An ogre (D:6)
  A centaur (D:8)
  2 bullfrogs (D:6)
  A water moccasin zombie (D:5)
  2 wights (D:6)
  A hound (D:6)
  2 iguanas
  5 orc wizards
  2 worker ants
  A hound zombie (D:8)
  A howler monkey skeleton (D:4)
  9 adders
  5 oozes
  3 worms
  4 dart slugs
  2 leopard geckos (D:1)
  5 orcs
  5 giant cockroaches
  11 hobgoblins
  3 jackals (D:2)
  11 kobolds
  3 quokkas
  2 ball pythons (D:1)
  9 bats
  A frilled lizard (D:1)
  5 goblins
  6 rats
105 creatures vanquished.

Vanquished Creatures (collateral kills)
  Prince Ribbit (D:5)
  Eustachio (D:4)
  Duvessa (D:4)
  Dowan (D:4)
  An orc priest (D:4)
  2 orcs
7 creatures vanquished.

Grand Total: 112 creatures vanquished

Notes
Turn   | Place    | Note
-------+----------+-------------------------------------------
     0 | D:1      | MisterFreud the Demonspawn Conjurer began the quest for the
                  | Orb.
     0 | D:1      | Reached XP level 1. HP: 13/13 MP: 3/3
   254 | D:1      | Gained mutation: You have a pair of small horns on your
                  | head. [demonic ancestry]
   254 | D:1      | Reached XP level 2. HP: 19/19 MP: 3/5
   788 | D:1      | Reached skill level 5 in Conjurations
   856 | D:1      | Gained mutation: When seriously injured, your bleeding
                  | wounds create armour. (AC +6) [demonic ancestry]
   856 | D:1      | Reached XP level 3. HP: 24/24 MP: 4/6
  1776 | D:2      | Gained mutation: A weak demonic guardian rushes to your
                  | aid. [demonic ancestry]
  1776 | D:2      | Reached XP level 4. HP: 30/30 MP: 5/7
  2479 | D:2      | Reached skill level 6 in Conjurations
  2741 | D:2      | Found an ancient bone altar of Kikubaaqudgha.
  3120 | D:3      | Found a sparkling altar of Nemelex Xobeh.
  3146 | D:2      | Reached XP level 5. HP: 32/35 MP: 3/9
  4451 | D:4      | Reached skill level 1 in Evocations
  4451 | D:4      | Gained mutation: You have a pair of horns on your head.
                  | [demonic ancestry]
  4451 | D:4      | Reached XP level 6. HP: 23/41 MP: 3/12
  4747 | D:4      | Noticed Eustachio
  4759 | D:4      | Killed Eustachio
  5095 | D:4      | Noticed Duvessa
  5100 | D:4      | Noticed Dowan
  5108 | D:4      | Killed Duvessa
  5118 | D:4      | Killed Dowan
  5119 | D:4      | Reached skill level 1 in Fighting
  5119 | D:4      | Reached XP level 7. HP: 22/48 MP: 0/13
  5647 | D:5      | Entered Level 5 of the Dungeon
  6051 | D:5      | Found Boakk's Distillery.
  6059 | D:5      | Bought a potion of magic for 88 gold pieces
  6059 | D:5      | Bought a potion of curing for 33 gold pieces
  6059 | D:5      | Bought a potion of heal wounds for 55 gold pieces
  6106 | D:5      | Noticed Prince Ribbit
  6112 | D:5      | Killed Prince Ribbit
  6173 | D:5      | Found a shimmering blue altar of Sif Muna.
  6270 | D:5      | Became a worshipper of Sif Muna the Loreminder
  6382 | D:5      | You fall into a shaft and drop 3 floors!
  6386 | D:8      | Reached XP level 8. HP: 52/60 MP: 10/14
  6503 | D:8      | Learned a level 4 spell: Fulminant Prism
  6534 | D:7      | Found a burning altar of Makhleb.
  6652 | D:6      | Found a stormy altar of Qazlal.
  6662 | D:6      | Reached skill level 5 in Dodging
  6662 | D:6      | Reached skill level 1 in Hexes
  6664 | D:6      | Found Otsuv's Assorted Antiques.
  6775 | D:6      | Found Doxzueq's Weapon Boutique.
  6902 | D:6      | Found a radiant altar of Vehumet.
  6944 | D:6      | Mangled by a wight

Illustrated notes

Levels and vault maps discovered:
D:1:      lightli_arrival_flooded_house, layout_basic
D:2:      layout_basic, general_overflow_altar
D:3:      layout_basic, nemelex_xobeh_ov_fountains_minmay
D:4:      layout_cave_pods, uniq_eustachio, uniq_duvessa
D:5:      kennysheep_windowed_halls, layout_loops_ring, kennysheep_mini,
          serial_shops, shop, st_stairs_11, uniq_prince_ribbit1
D:6:      minmay_goblin_kobold_castle, layout_loops_ring,
          grunt_temple_overflow_forces_of_nature, slow_altar_2,
          lemuel_round_altar, serial_shops, kennysheep_little_box,
          nicolae_shop_behind_doors, shop, shop, shop, gup_sewer_entry_glass
D:7:      layout_loops_corners, bloody_makhleb, temple_pool_b
D:8:      layout_cave_pools, gammafunk_temple_overflow_wave, serial_shops, shop,
          lemuel_mausoleum_altar_yredelemnul

Skill      XL: |  1  2  3  4  5  6  7  8 |
---------------+-------------------------+-----
Conjurations   | 5 6 |  6.0
Spellcasting   | 4 |  4.0
Evocations     | 1 4 |  4.0
Fighting       | 1 4 |  4.0
Dodging        | 2 4 5 |  5.5
Hexes          | 2 |  2.7
Stealth        | |  1.7

Action                   |  1- 3 |  4- 6 |  7- 9 || total
-------------------------+-------+-------+-------++-------
Melee: Dagger            |    18 |     4 |       ||    22
       Rapier            |       |     9 |    23 ||    32
       Headbutt          |       |     1 |     3 ||     4
 Cast: Magic Dart        |    63 |   150 |    93 ||   306
  Use: Potion            |       |     1 |       ||     1
Armor: Robe              |     4 |    16 |     8 ||    28
Dodge: Dodged            |    13 |    49 |    19 ||    81
